 Dungeon Crawl Stone Soup version 0.18.1-48-g4cf74bf (webtiles) character file.

2837 Wotyn the Basher (level 9, -4/56 HPs)
             Began as a Gargoyle Fighter on Aug 5, 2016.
             Was a Believer of Okawaru.
             Slain by Psyche
             ... wielding a +2 dagger of distortion
              (15 damage)
             ... on level 8 of the Dungeon on Aug 16, 2016.
             The game lasted 00:37:15 (7167 turns).

Wotyn the Basher (Gargoyle Fighter)                 Turns: 7167, Time: 00:37:17

Health: -4/56      AC: 17    Str: 24    XL:     9   Next: 74%
Magic:  9/9        EV:  9    Int: 10    God:    Okawaru [**....]
Gold:   270        SH:  0    Dex: 10    Spells: 0 memorised, 8 levels left

rFire  . . .     SeeInvis .     b - +0 mace (drain)
rCold  . . .     Gourm    .     m - +0 chain mail
rNeg   + . .     Faith    .     (no shield)
rPois  ∞         Spirit   .     (no helmet)
rElec  +         Dismiss  .     (no cloak)
rCorr  .         Reflect  .     (no gloves)
SustAt .         Harm     .     C - +0 pair of boots
MR     .....                    (no amulet)
Stlth  ..........               (no ring)
                                d - +3 ring of strength

@: very slightly contaminated, invisible, not resistant to hostile enchantments,
extremely unstealthy
A: negative energy resistance 1, electricity resistance, unbreathing,
petrification resistance, rot immunity, AC +5
a: Heroism, Renounce Religion


You were on level 8 of the Dungeon.
You worshipped Okawaru.
Okawaru was pleased with you.
You were not hungry.

You visited 2 branches of the dungeon, and saw 9 of its levels.
You also visited: Ossuary.

You collected 270 gold pieces.

Inventory:

Hand Weapons
 b - a +0 mace of draining (weapon)
 k - a +1 antimagic hand axe
 n - a +0 shortbow
 r - a +0 mace of holy wrath
Missiles
 q - 3 arrows
Armour
 c - a +0 shield
 m - a +0 chain mail (worn)
 C - a +0 pair of boots (worn)
Jewellery
 d - a +3 ring of strength (left hand)
Wands
 a - a wand of lightning (15/15)
 o - a wand of enslavement (17/24)
Scrolls
 h - 6 scrolls of identify
 i - a scroll of magic mapping
 l - 2 scrolls of teleportation
 u - 3 scrolls of amnesia
 B - a scroll of remove curse
Potions
 e - 2 potions of cure mutation
 v - 5 potions of curing
 x - a potion of ambrosia
 z - a potion of agility
 A - a potion of flight
Books
 p - a book of Fire

   Spells                             Type                      Level
   a - Ignite Poison                  Fire/Transmutation/Poison    3
   b - Fireball                       Conjuration/Fire             5
   c - Bolt of Fire                   Conjuration/Fire             6
   d - Delayed Fireball               Conjuration/Fire             7
   e - Ring of Flames                 Charms/Fire                  7
 D - a book of Clouds

   Spells                             Type                      Level
   a - Mephitic Cloud                 Conjuration/Poison/Air       3
   b - Conjure Flame                  Conjuration/Fire             3
   c - Poisonous Cloud                Conjuration/Poison/Air       6
   d - Freezing Cloud                 Conjuration/Ice/Air          6
   e - Ring of Flames                 Charms/Fire                  7
Miscellaneous
 s - a plain deck of defence {drawn: 1}
Comestibles
 g - a meat ration


   Skills:
 + Level 6.4 Fighting
 * Level 8.9 Maces & Flails
 + Level 4.4 Bows
 + Level 7.1 Armour
 + Level 2.9 Dodging
 + Level 1.6 Stealth
 - Level 3.2 Shields


You had 8 spell levels left.
You didn't know any spells.

Dungeon Overview and Level Annotations

Branches:
Dungeon (8/15)             Temple (1/1) D:5
   Lair: D:8-11

Altars:
Ashenzari
Cheibriados
Dithmenos
Fedhas
Gozag
Kikubaaqudgha
Nemelex Xobeh
Okawaru
Qazlal
Ru
Sif Muna
Trog
Vehumet
The Shining One

Annotations:
D:8 Psyche


Innate Abilities, Weirdness & Mutations

You are resistant to torment.
Your stone body is resilient (AC +5).
You are immune to poison.
You resist negative energy.
You are resistant to electric shocks.
You can survive without breathing.
You are immune to petrification.
You are immune to rotting.


Message History

Drink which item? (? for menu, Esc to quit)
You feel better. Psyche casts a spell at you. The puff of frost hits you!
* * * LOW HITPOINT WARNING * * *
Psyche barely misses you.
You barely miss Psyche.
Psyche is lightly wounded.
Psyche is no longer unusually agile.
Psyche hits you but does no damage.
You sock Psyche!
Psyche is moderately wounded.
Psyche closely misses you. Psyche gestures at you while chanting.
The puff of flame hits you!
You catch the helpless Psyche completely off-guard!
You hit Psyche but do no damage. You drain Psyche!
Psyche is moderately wounded.
Psyche closely misses you. Psyche hits you but does no damage.
Space warps horribly around you!
You die...

. . ## .## #.###.#
#.#..#####..
#.###..........
#...........:..
######.@######.#
#########@.........
........†.#########
###########


You could see Psyche.

Vanquished Creatures
  Joseph (D:7)
  Duvessa (D:4)
  A sky beast (D:6)
  An orc warrior (D:7)
  2 ice beasts (D:6)
  A necrophage (D:6)
  A centaur (D:5)
  2 phantoms
  A big kobold (D:5)
  Blork the orc (D:5)
  4 giant frogs
  Dowan (D:4)
  A scorpion (D:4)
  A water moccasin skeleton (D:4)
  2 howler monkeys
  3 centaur zombies
  A giant frog skeleton (D:6)
  A human zombie (Ossuary)
  3 hounds
  6 orc wizards
  A wasp zombie (D:7)
  4 orc priests
  Jessica (D:2)
  Natasha (twice) (D:4)
  2 iguanas (D:6)
  5 worker ants
  A hound zombie (D:6)
  3 mummies (Ossuary)
  8 adders
  4 gnolls (D:2)
  An ooze (D:3)
  An adder skeleton (D:7)
  An adder zombie (D:5)
  2 worms (D:2)
  3 dart slugs
  2 giant geckos
  25 orcs
  3 ball pythons
  A giant cockroach (D:2)
  A goblin (D:3)
  5 hobgoblins
  8 jackals
  29 kobolds
  3 quokkas (D:4)
  9 bats
  A giant gecko skeleton (D:4)
  3 giant newts
  2 gnoll zombies (Ossuary)
  A goblin zombie (Ossuary)
  A hobgoblin zombie (Ossuary)
  A jackal zombie (D:5)
  A kobold zombie (Ossuary)
  An orc zombie (Ossuary)
  A quokka skeleton (D:7)
  10 rats
182 creatures vanquished.

Notes
Turn   | Place    | Note
--------------------------------------------------------------
     0 | D:1      | Wotyn the Gargoyle Fighter began the quest for the Orb.
     0 | D:1      | Reached XP level 1. HP: 14/14 MP: 1/1
   130 | D:1      | Reached XP level 2. HP: 15/19 MP: 2/2
   507 | D:2      | Noticed Jessica
   510 | D:2      | Killed Jessica
   510 | D:2      | Reached XP level 3. HP: 24/24 MP: 3/3
   820 | D:2      | Reached XP level 4. HP: 27/29 MP: 4/4
   982 | D:2      | Reached skill level 3 in Maces & Flails
  1248 | D:2      | You fall through a shaft for 2 floors!
  1349 | D:3      | Found a glowing golden altar of the Shining One.
  1388 | D:2      | Reached XP level 5. HP: 7/33 MP: 5/5
  2034 | D:3      | Reached skill level 1 in Dodging
  2134 | D:3      | Reached skill level 4 in Maces & Flails
  2198 | D:3      | Reached XP level 6. HP: 39/39 MP: 6/6
  2665 | D:3      | Found a sparkling altar of Nemelex Xobeh.
  2860 | D:4      | Reached skill level 5 in Armour
  2940 | D:4      | Reached XP level 7. HP: 13/44 MP: 7/7
  3184 | D:4      | Noticed Duvessa
  3185 | D:4      | Noticed Dowan
  3190 | D:4      | Killed Duvessa
  3190 | D:4      | Reached skill level 5 in Maces & Flails
  3190 | D:4      | Reached skill level 1 in Stealth
  3197 | D:4      | Killed Dowan
  3197 | D:4      | Reached skill level 5 in Fighting
  3475 | D:4      | Noticed Natasha
  3483 | D:4      | Killed Natasha
  3502 | D:4      | Noticed Natasha
  3520 | D:4      | Killed Natasha
  3619 | D:4      | Found an ancient bone altar of Kikubaaqudgha.
  3804 | D:5      | Entered Level 5 of the Dungeon
  3834 | D:5      | Reached skill level 6 in Maces & Flails
  3834 | D:5      | Reached XP level 8. HP: 41/49 MP: 8/8
  3885 | D:5      | Noticed Blork the orc
  3964 | D:5      | Found a staircase to the Ecumenical Temple.
  3973 | Temple   | Entered the Ecumenical Temple
  4061 | Temple   | Became a worshipper of Warmaster Okawaru
  4452 | D:5      | Reached skill level 1 in Bows
  4775 | D:5      | Killed Blork the orc
  4775 | D:5      | Reached * piety under Okawaru
  4786 | D:5      | Found a deep blue altar of Sif Muna.
  4912 | D:6      | Reached skill level 7 in Maces & Flails
  5103 | D:6      | Found a sand-covered staircase.
  5108 | Ossuary  | Entered an ossuary
  5125 | Ossuary  | Reached XP level 9. HP: 54/54 MP: 9/9
  5303 | Ossuary  | Gained mutation: Your mind is acute. (Int +2) [potion of mutation]
  5303 | Ossuary  | Gained mutation: You are clumsy. (Dex -2) [potion of mutation]
  5303 | Ossuary  | Gained mutation: You are weak. (Str -2) [potion of mutation]
  5304 | Ossuary  | Lost mutation: You are weak. (Str -2) [potion of cure mutation]
  5304 | Ossuary  | Lost mutation: You are clumsy. (Dex -2) [potion of cure mutation]
  5304 | Ossuary  | Lost mutation: Your mind is acute. (Int +2) [potion of cure mutation]
  5361 | D:6      | Found a sacrificial altar of Ru.
  5556 | D:6      | Found a blossoming altar of Fedhas.
  5616 | D:6      | Reached ** piety under Okawaru
  5972 | D:7      | Reached skill level 8 in Maces & Flails
  6170 | D:7      | Noticed Joseph
  6188 | D:7      | Killed Joseph
  6223 | D:7      | Found a shadowy altar of Dithmenos.
  6797 | D:8      | Noticed a skeletal warrior
  6797 | D:8      | Noticed a skeletal warrior
  6797 | D:8      | Noticed a skeletal warrior
  6811 | D:7      | HP: 1/56 [skeletal warrior/battleaxe (14)]
  7145 | D:8      | Noticed Psyche
  7167 | D:8      | Slain by Psyche

Skill      XL: |  1  2  3  4  5  6  7  8  9 |
---------------+----------------------------+-----
Armour         | 4 5 6 7 |  7.1
Fighting       | 4 5 6 |  6.4
Maces & Flails | 3 4 6 7 8 |  8.9
Dodging        | 1 2 |  2.9
Stealth        | 1 |  1.6
Bows           | 4 |  4.4
Shields        | |  3.2

Action                   |  1- 3 |  4- 6 |  7- 9 || total
-------------------------+-------+-------+-------++-------
Melee: Flail             |    73 |   104 |       ||   177
       Mace              |       |   135 |   427 ||   562
 Fire: Shortbow          |       |       |    71 ||    71
Invok: Heroism           |       |       |     1 ||     1
Evoke: Deck              |       |       |     1 ||     1
  Use: Scroll            |     3 |     6 |     8 ||    17
       Potion            |     2 |     6 |    13 ||    21
 Stab: Invisible         |       |       |     2 ||     2
  Eat: Bread ration      |       |     2 |     2 ||     4
       Chunk             |       |     2 |     1 ||     3
       Fruit             |       |       |     2 ||     2
       Pizza             |       |       |     2 ||     2
Armor: Scale mail        |    40 |    38 |       ||    78
       Chain mail        |       |   110 |   255 ||   365
Dodge: Dodged            |    28 |    68 |   171 ||   267
Block: Shield            |    40 |   108 |    45 ||   193
